 Dungeon Crawl Stone Soup version 0.19-a0-1007-g133f65f (webtiles) character file.

1096 epen the Magician (level 8, -1/66 HPs)
             Began as a Purple Draconian Transmuter on July 21, 2016.
             Slain by a shadow imp (4 damage)
             ... on level 6 of the Dungeon.
             The game lasted 00:10:12 (5485 turns).

epen the Magician (Purple Draconian Transmuter)     Turns: 5485, Time: 00:10:14

Health: -1/66      AC:  2    Str: 12    XL:     8   Next: 10%
Magic:  17/17      EV: 22    Int: 16    God:
Gold:   229        SH:  0    Dex: 21    Spells: 4 memorised, 8 levels left

rFire  . . .     SeeInvis .       - Unarmed
rCold  . . .     Gourm    .     (armour unavailable)
rNeg   . . .     Faith    .     (shield currently unavailable)
rPois  x         Spirit   .     (helmet currently unavailable)
rElec  .         Dismiss  .     (cloak currently unavailable)
rCorr  .         Reflect  .     (gloves currently unavailable)
SustAt +         Harm     .     (boots currently unavailable)
MR     +....                    e - amulet of magic regeneration
Stlth  ++........               A - ring of sustain attributes
                                q - +4 ring of dexterity

@: spider-form (expiring), flying, somewhat resistant to hostile enchantments,
unstealthy
A: (breathe power), unfitting armour, (cold-blooded), AC +6
a: End Transformation


You were on level 6 of the Dungeon.
You were hungry.
You were a venomous arachnid creature.
You visited 1 branch of the dungeon, and saw 6 of its levels.

You collected 229 gold pieces.

Inventory:

Missiles
 a - 80 arrows
 K - a throwing net (quivered)
Armour
 k - a +0 pair of boots (melded)
 O - a +0 buckler
Jewellery
 e - an amulet of magic regeneration (around neck)
 h - an uncursed amulet of dismissal {unknown}
 q - a +4 ring of dexterity (left front leg)
 A - a ring of sustain attributes (right front leg)
 C - an uncursed ring of ice
 I - an uncursed amulet of regeneration {unknown}
 L - an uncursed ring of positive energy {unknown}
Wands
 s - a wand of teleportation (3/9)
 v - a wand of random effects (34/48)
 B - a wand of random effects (22/48)
 H - a wand of disintegration (7/24)
Scrolls
 g - a scroll of magic mapping {unknown}
 i - 2 scrolls of noise {unknown}
 l - 2 scrolls of identify
 m - 4 scrolls of teleportation
 t - 2 scrolls of fear {unknown}
 u - a scroll of enchant armour {unknown}
 y - 4 scrolls of remove curse
 M - a scroll of immolation {unknown}
 N - a scroll of enchant weapon
Potions
 d - a potion of cancellation {unknown}
 j - 2 potions of agility {unknown}
 n - a potion of haste {unknown}
 o - a potion of beneficial mutation {unknown}
 p - a potion of ambrosia
 r - 3 potions of lignification
 w - a potion of degeneration {unknown}
 x - a potion of berserk rage
 z - a potion of cure mutation {unknown}
 D - a potion of brilliance {unknown}
 E - a potion of resistance {unknown}
 F - a potion of might {unknown}
 G - 2 potions of magic {unknown}
 J - a potion of flight
Books
 b - a book of Changes

   Spells                             Type                      Level
   a - Beastly Appendage              Transmutation                1
   b - Sticks to Snakes               Transmutation                2
   c - Spider Form                    Transmutation/Poison         3
   d - Ice Form                       Ice/Transmutation            4
   e - Blade Hands                    Transmutation                5
Comestibles
 c - 3 bread rations
 f - 3 meat rations


   Skills:
 + Level 3.7 Fighting
 + Level 3.6 Dodging
 + Level 0.6 Shields
 + Level 4.7 Unarmed Combat
 * Level 6.1 Spellcasting
 * Level 5.2 Transmutations


You had 8 spell levels left.
You knew the following spells:

 Your Spells              Type           Power        Failure   Level  Hunger
a - Beastly Appendage     Tmut           ###...       6%          1    None
b - Sticks to Snakes      Tmut           ###.....     10%         2    #......
c - Spider Form           Tmut/Pois      ##........   32%         3    ##.....
d - Blade Hands           Tmut           ###.......   71%         5    ######.


Dungeon Overview and Level Annotations

Branches:
Dungeon (6/15)
 Temple: D:4-7

Altars:
Fedhas
Gozag
Qazlal
Ru
Trog

Annotations:
D:1 1 runed door


Innate Abilities, Weirdness & Mutations

((You can breathe bolts of dispelling energy.))
((Your rich purple scales are hard. (AC +6)))
Your body does not fit into most forms of armour.
((You are cold-blooded and may be slowed by cold attacks.))


Message History

The jackal barely misses you. The ice beast barely misses you.
You hit the ice beast.
The ice beast is severely wounded.
The jackal misses you. The gnoll completely misses you.
The shadow imp completely misses you. The ice beast completely misses you.
You hit the ice beast but do no damage.
The ice beast is poisoned.
The ice beast is severely wounded.
The jackal misses you.
The gnoll hits you from afar with a vampiric spear!
* * * LOW HITPOINT WARNING * * *
The shadow imp misses you.
The ice beast hits you but does no damage.
The jackal closely misses you.
It was a potion of flight.
You feel very buoyant.
You fly up into the air.
The jackal completely misses you. The gnoll barely misses you.
The shadow imp laughs crazily.
The shadow imp hits you.
You die...

##.##...##g##+##..
#.##...##Y##...##
. +.............#
#.............#
#.............#
#.............#
##...g#..#...##
#...h########
#...5s# #./.Y.#
#.....# #.....#
#######


You could see an ice beast, a gnoll, a shadow imp and a jackal.

Vanquished Creatures
  Sigmund (D:3)
  An ice beast (D:5)
  The ghost of epen the Ruffian, an amateur DrTm (D:3)
  2 ogres
  A scorpion (D:6)
  A crimson imp (D:5)
  An orc priest (D:5)
  Jessica (D:3)
  An iguana (D:4)
  Ijyb (D:3)
  Natasha (thrice) (D:2)
  Terence (D:3)
  2 worker ants (D:4)
  A hound skeleton (D:4)
  7 adders
  7 gnolls
  An ooze (D:1)
  2 worms
  A giant gecko (D:1)
  15 orcs
  5 ball pythons
  8 bats
  5 giant cockroaches
  6 goblins
  6 hobgoblins
  8 jackals
  4 quokkas
  A ball python skeleton (D:4)
  6 giant newts
  6 kobolds
  11 rats
117 creatures vanquished.

Notes
Turn   | Place    | Note
-------+----------+-------------------------------------------
     0 | D:1      | epen the Draconian Transmuter began the quest for the Orb.
     0 | D:1      | Reached XP level 1. HP: 16/16 MP: 3/3
     1 | D:1      | Found a runed door.
   287 | D:1      | Reached XP level 2. HP: 21/23 MP: 5/5
   291 | D:1      | Learned a level 2 spell: Sticks to Snakes
   916 | D:1      | Reached XP level 3. HP: 22/28 MP: 6/6
  1063 | D:2      | Noticed Natasha
  1104 | D:2      | Learned a level 3 spell: Spider Form
  1387 | D:2      | Killed Natasha
  1690 | D:2      | Reached XP level 4. HP: 36/36 MP: 4/7
  2013 | D:2      | Noticed Natasha
  2020 | D:2      | Killed Natasha
  2020 | D:2      | Reached skill level 3 in Spellcasting
  2020 | D:2      | Reached XP level 5. HP: 38/41 MP: 6/9
  2037 | D:2      | Found a bloodstained altar of Trog.
  2039 | D:2      | Found an opulent altar of Gozag.
  2041 | D:2      | Found a sacrificial altar of Ru.
  2042 | D:2      | Found a blossoming altar of Fedhas.
  2205 | D:2      | Noticed Natasha
  2210 | D:2      | Killed Natasha
  2555 | D:3      | Noticed Terence
  2564 | D:3      | Killed Terence
  2749 | D:3      | Noticed Ijyb
  2758 | D:3      | Killed Ijyb
  2829 | D:3      | Found a faded altar of an unknown god.
  2862 | D:3      | Noticed epen's ghost (amateur DrTm)
  2946 | D:3      | Reached XP level 6. HP: 43/49 MP: 8/11
  2984 | D:3      | Noticed Sigmund
  3000 | D:3      | Found a stormy altar of Qazlal.
  3686 | D:3      | Noticed Jessica
  3701 | D:3      | Killed Sigmund
  3701 | D:3      | Reached skill level 4 in Spellcasting
  3711 | D:3      | Killed Jessica
  3711 | D:3      | Your scales start taking on a rich purple colour.
  3711 | D:3      | Reached skill level 5 in Spellcasting
  3711 | D:3      | Reached XP level 7. HP: 26/56 MP: 10/14
  3943 | D:3      | Killed epen's ghost
  4463 | D:5      | Entered Level 5 of the Dungeon
  4892 | D:5      | Learned a level 5 spell: Blade Hands
  4995 | D:5      | Reached skill level 5 in Transmutations
  5471 | D:6      | Reached skill level 6 in Spellcasting
  5471 | D:6      | Reached XP level 8. HP: 30/63 MP: 14/17
  5484 | D:6      | HP: 3/66 [gnoll/vampiric spear (9)]
  5485 | D:6      | Slain by a shadow imp

Vault maps used:
D:1:      dpeg_arrival_caged_fury, hex_tiny, st_stairs_13,
          hangedman_abyss_or_decor_stabs
D:2:      grunt_temple_overflow_open, uniq_natasha
D:3:      ecumenical_altar_1, first_bread, dk_noncrumbling_3,
          grunt_qazlal_sundering, uniq_jessica, uniq_sigmund, uniq_iyjb,
          uniq_terence
D:6:      kennysheep_mini, tgw_sif, basic_altar

Skill      XL: |  1  2  3  4  5  6  7 |
---------------+----------------------+-----
Dodging        | 2 3 |  3.6
Transmutations | 3 4 5 |  5.2
Fighting       | 2 3 |  3.7
Spellcasting   | 3 5 6 |  6.1
Unarmed Combat | 4 |  4.7
Shields        | |  0.6

Action                   |  1- 3 |  4- 6 |  7- 9 || total
-------------------------+-------+-------+-------++-------
Melee: Unarmed           |   125 |   172 |   162 ||   459
       Tailslap          |     9 |    10 |    10 ||    29
       Kick              |     2 |       |       ||     2
       Punch             |       |     3 |     3 ||     6
 Cast: Sticks to Snakes  |     3 |       |       ||     3
       Beastly Appendage |     2 |       |       ||     2
       Spider Form       |     2 |    14 |     9 ||    25
 Abil: Breathe Dispellin |       |       |     2 ||     2
  Use: Scroll            |     1 |     5 |       ||     6
       Potion            |       |       |     1 ||     1
 Stab: Sleeping          |       |     2 |       ||     2
       Distracted        |       |       |     1 ||     1
  Eat: Chunk             |     3 |     7 |     6 ||    16
       Pizza             |       |       |     1 ||     1
Armor: Skin              |    35 |    59 |    28 ||   122
Dodge: Dodged            |    92 |   131 |   193 ||   416
